 Dungeon Crawl Stone Soup version 0.30-a0-715-gdb4ae3ece1 (webtiles) character file.

Game seed: 3756374222421349741

295 boo the Twirler (level 6, 0/47 HPs)
             Began as a Human Gladiator on Jan 23, 2023.
             Slain by an orc wizard
             ... wielding a +0 long sword
              (8 damage)
             ... on level 4 of the Dungeon.
             The game lasted 00:07:04 (3263 turns).

boo the Twirler (Human Gladiator)                   Turns: 3263, Time: 00:07:04

Health: 0/47       AC:  7    Str: 15    XL:     6   Next: 61%
Magic:  6/6        EV: 12    Int: 10    God:
Gold:   250        SH:  0    Dex: 14    Spells: 5/5 levels left

rFire   . . .      SeeInvis .    a - +0 quarterstaff
rCold   . . .      Faith    .    (shield currently unavailable)
rNeg    + . .      Spirit   .    o - +0 ring mail
rPois   .          Reflect  .    r - +1 helmet
rElec   .          Harm     .    (no cloak)
rCorr   .          Rampage  .    (no gloves)
Will    +....                    (no boots)
Stlth   +                        (no amulet)
HPRegen 0.27/turn                f - ring of positive energy
MPRegen 0.10/turn                A - ring of willpower

@: no status effects
A: no striking features
a: no special abilities


You were on level 4 of the Dungeon.
You visited 1 branch of the dungeon, and saw 4 of its levels.

You collected 250 gold pieces.

Inventory:

Hand Weapons
 a - a +0 quarterstaff (weapon)
Missiles
 d - 3 throwing nets (quivered)
 e - a javelin
Armour
 c - a +0 helmet
 o - a +0 ring mail (worn)
 r - a +1 helmet (worn)
Jewellery
 f - a ring of positive energy (left hand)
 A - a ring of willpower (right hand)
Wands
 u - a wand of digging (6)
 y - a wand of flame (20)
Scrolls
 b - a scroll of teleportation {unknown}
 g - a scroll of amnesia {unknown}
 h - a scroll of fear {unknown}
 i - a scroll of fog {unknown}
 l - 3 scrolls of identify {unknown}
 n - a scroll of vulnerability {unknown}
 s - a scroll of brand weapon {unknown}
 z - a scroll of magic mapping {unknown}
 B - a scroll of enchant armour {unknown}
Potions
 j - a potion of lignification {unknown}
 k - a potion of cancellation {unknown}
 m - 4 potions of curing {unknown}
 p - a potion of attraction {unknown}
 q - a potion of magic {unknown}
 t - a potion of brilliance {unknown}
 v - 2 potions of degeneration {unknown}
 w - a potion of invisibility {unknown}
 x - a potion of heal wounds {unknown}


   Skills:
 + Level 3.3 Fighting
 * Level 4.8 Staves
 - Level 2.0 Throwing
 + Level 2.5 Armour
 + Level 4.0 Dodging


You had 5 spell levels left.
You didn't know any spells.
Your spell library contained the following spells:

 Spells                   Type           Power      Damage    Failure   Level
 Dazzling Flash           Conj/Hex       0%         N/A       91%         3
 Agony                    Necr           0%         N/A       100%        5
 Silence                  Hex/Air        0%         N/A       100%        5


Dungeon Overview and Level Annotations

Branches:
Dungeon (4/15)
 Temple: D:4-7

Altars:
Lugonu

Portals:
Abyss: D:3

Annotations:
D:2 exclusion: downstairs
D:3 2 runed translucent doors, exclusion: 2 downstairs
D:4 Grinder


Message History

You sock the orc priest!
The orc priest is almost dead.
The orc priest hits you but does no damage.
The orc wizard misses you.
You hit the orc priest but do no damage.
The orc priest is almost dead.
The orc priest calls upon Beogh to heal the orc wizard.
The orc wizard is healed somewhat.
The orc wizard closely misses you.
You hit the orc priest but do no damage.
The orc priest is almost dead.
The orc priest miscasts a cantrip.
The orc wizard barely misses you.
You hit the orc priest but do no damage.
The orc priest is almost dead.
The orc priest hits you with a +0 club.
The orc wizard hits you with a +0 long sword.
You hit the orc priest.
You kill the orc priest!
The orc wizard hits you with a +0 long sword.
* * * LOW HITPOINT WARNING * * *
Your life force feels restored.
The orc wizard hits you but does no damage.
Things that are here:
a +0 club; a +0 leather armour; an orc corpse You hit the orc wizard.
The orc wizard is moderately wounded.
The orc wizard casts a spell at you. The magic dart hits you.
* * * LOW HITPOINT WARNING * * *
You closely miss the orc wizard.
The orc wizard is moderately wounded.
The orc wizard barely misses you.
You closely miss the orc wizard.
The orc wizard is moderately wounded.
The orc wizard hits you but does no damage.
The orc wizard barely misses you.
You barely miss the orc wizard.
The orc wizard is moderately wounded.
The orc wizard hits you with a +0 long sword!
You die...

#.# #........#.#.##
#.# #......#.#.....
#.#####...†..#.###.##
#........#.....#...#
#######.##.#####.###
#####.##.........#
#.....########.#.#
#)####### #.#.#
#o@.....######.#.##
#.......'.o........
#.......######.#.##
#>.................
##......###....#.##
###......###.####...
#..........o.######.
#........##..#<†gg..
#.........#..#####o.


You could see an orc wizard.

Vanquished Creatures
  A phantom (D:3)
  An orc priest (D:4)
  Jessica (D:3)
  7 adders
  A worm (D:2)
  2 dart slugs
  7 orcs
  10 endoplasms
  4 giant cockroaches
  7 goblins
  5 hobgoblins
  3 jackals (D:4)
  A kobold (D:1)
  4 quokkas
  15 ball pythons
  4 bats
  11 frilled lizards
  9 rats
93 creatures vanquished.

Notes
Turn   | Place    | Note
-------+----------+-------------------------------------------
     0 | D:1      | boo the Human Gladiator began the quest for the Orb.
     0 | D:1      | Reached XP level 1. HP: 16/16 MP: 1/1
    88 | D:1      | Reached XP level 2. HP: 19/22 MP: 2/2
   191 | D:1      | Reached XP level 3. HP: 22/27 MP: 3/3
   344 | D:1      | Reached skill level 1 in Armour
   503 | D:1      | Found a faded altar of an unknown god.
   989 | D:2      | Reached XP level 4. HP: 34/34 MP: 4/4
  1807 | D:3      | Noticed Jessica
  2096 | D:3      | Reached XP level 5. HP: 39/39 MP: 5/5
  2242 | D:3      | Killed Jessica
  2292 | D:3      | Found a one-way gate to the infinite horrors of the Abyss.
  2717 | D:3      | Found a large runed translucent door.
  2717 | D:3      | Found a large runed translucent door.
  2722 | D:3      | Found a corrupted altar of Lugonu.
  2807 | D:4      | Noticed a phantom
  2872 | D:3      | Killed a phantom
  2873 | D:3      | Reached XP level 6. HP: 10/47 MP: 6/6
  3048 | D:4      | Noticed Grinder
  3263 | D:4      | Slain by an orc wizard

Illustrated notes

Levels and vault maps discovered:
D:1:      minmay_arrival_three_doors, layout_basic,
          ebering_ecumenical_altar_petrified, minmay_lizard_pond
D:2:      layout_basic, minmay_surrounded
D:3:      due_chaos_kobolds, layout_loops_ring, uniq_jessica
D:4:      layout_basic, minmay_misc_feat_rows, hangedman_decor_lopped,
          minmay_fractal_squares_gapless_5, uniq_grinder

Skill      XL: |  1  2  3  4  5  6 |
---------------+-------------------+-----
Armour         | 1 2 |  2.5
Staves         | 4 |  4.8
Fighting       | 3 |  3.3
Dodging        | 4 |  4.0
Throwing       | |  2.0

Action                     |  1- 3 |  4- 6 || total
---------------------------+-------+-------++-------
  Melee: Quarterstaff      |   108 |   213 ||   321
 Armour: Leather armour    |    35 |       ||    35
         Chain mail        |     8 |     1 ||     9
         Ring mail         |       |   100 ||   100
  Dodge: Dodged            |    50 |   179 ||   229

Table legend: (Time is in decaauts)
 A = Elapsed time spent in this place.
 B = Non-inter-level travel time spent in this place.
 C = Inter-level travel time spent in this place.
 D = Time resting spent in this place.
 E = Time spent auto-exploring this place.
 F = Levels seen in this place.
 G = Mean time per level.
                   A        B        C        D        E       F      G
               +--------+--------+--------+--------+--------+-----+--------+
         Total |   3295 |   3047 |    248 |    303 |   1974 |   4 |  823.8 |
       Dungeon |   3295 |   3047 |    248 |    303 |   1974 |   4 |  823.8 |
               +--------+--------+--------+--------+--------+-----+--------+

Top non-repeatable levels by time:
     D:3: 1110 daAuts
     D:1: 992 daAuts
     D:2: 875 daAuts
     D:4: 317 daAuts
